 Dungeon Crawl Stone Soup version 0.26-a0-52-gd53d4cd058 (webtiles) character file.

Game seed: 11566747817043509696

1276 sanka the Frost Mage (level 8, -11/52 HPs)
             Began as a Barachi Ice Elementalist on June 6, 2020.
             Was a Follower of Vehumet.
             Shot with an arrow by a centaur (13 damage)
             ... on level 7 of the Dungeon.
             The game lasted 00:13:06 (7444 turns).

sanka the Frost Mage (Barachi Ice Elementalist)     Turns: 7444, Time: 00:13:07

Health: -11/52     AC:  3    Str: 10    XL:     8   Next: 54%
Magic:  18/23      EV: 12    Int: 17    God:    Vehumet [*.....]
Gold:   297        SH:  0    Dex: 13    Spells: 1/16 levels left

rFire    . . .     SeeInvis .   a - +2 trident (protect)
rCold    . . .     Gourm    .   (no shield)
rNeg     + . .     Faith    .   D - +0 robe
rPois    .         Spirit   .   (no helmet)
rElec    .         Reflect  .   (no cloak)
rCorr    .         Harm     .   u - +0 pair of gloves
MR       .....                  (no boots)
Stlth    ++........             G - amulet of inaccuracy (curse)
HPRegen  0.17/turn              d - ring of positive energy
MPRegen  0.18/turn              k - ring of magical power

@: frozen ramparts, slow
A: +LOS, swims, slowness 1, strong legs 1
a: Hop, Renounce Religion


You were on level 7 of the Dungeon.
You worshipped Vehumet.
Vehumet was aware of your devotion.
You were not hungry.

You visited 2 branches of the dungeon, and saw 8 of its levels.

You collected 297 gold pieces.


Innate Abilities, Weirdness & Mutations

You can be seen from farther away. (+LOS)
You can swim through water.
You cover ground slowly.
You can hop short distances.


   Skills:
 - Level 2.1 Dodging
 - Level 1.7 Stealth
 + Level 4.5 Spellcasting
 + Level 3.7 Summonings
 + Level 11.1 Ice Magic


You had one spell level left.
You knew the following spells:

 Your Spells              Type           Power        Failure   Level  Hunger
a - Ozocubu's Armour      Chrm/Ice       ###.....     4%          3    ###....
u - Hailstorm             Conj/Ice       ###.....     16%         4    ####...
x - Summon Ice Beast      Ice/Summ       ####....     7%          4    ####...
y - Frozen Ramparts       Ice            #####.       1%          3    ###....
z - Freeze                Ice            ####         1%          1    None

Your spell library contained the following spells:

 Spells                   Type           Power        Failure   Level  Hunger
 Foxfire                  Conj/Fire      #...         16%         1    None

Inventory:

Hand Weapons
 a - a +2 trident of protection (weapon)
 q - a +0 mace
 r - a +0 trident
 C - a +1 quarterstaff of draining
 I - a +0 halberd
Missiles
 i - a throwing net {=f}
Armour
 u - a +0 pair of gloves (worn)
 D - a +0 robe (worn)
Magical Staves
 b - an uncursed staff of wizardry {!a}
 K - an uncursed staff of conjuration {!a}
 L - an uncursed staff of fire
Jewellery
 d - a ring of positive energy (left hand)
 h - an uncursed ring of flight
 k - a ring of magical power (right hand)
 t - an uncursed amulet of the acrobat
 z - an uncursed amulet of magic regeneration
 G - a cursed amulet of inaccuracy (around neck)
Wands
 p - a wand of paralysis (9)
Scrolls
 g - 5 scrolls of teleportation {@r4}
 j - a scroll of magic mapping
 n - 4 scrolls of fear
 o - 2 scrolls of blinking
 x - a scroll of enchant armour {unknown}
 y - a scroll of fog
 A - 2 scrolls of remove curse {unknown}
 H - a scroll of identify {@r1}
 J - a scroll of enchant weapon {unknown}
Potions
 f - a potion of invisibility {unknown}
 m - a potion of degeneration {unknown}
 s - a potion of ambrosia {unknown}
 v - a potion of berserk rage {unknown}
 w - a potion of lignification {unknown}
 B - a potion of magic {unknown}
 E - a potion of might {unknown}
 F - 3 potions of brilliance {unknown}
Comestibles
 c - 13 rations

Dungeon Overview and Level Annotations

Branches:
Dungeon (7/15)             Temple (1/1) D:5

Altars:
Ashenzari
Cheibriados
Dithmenos
Elyvilon
Makhleb
Sif Muna
Trog
Vehumet
Yredelemnul

+▒ ▒▒▒▒▒ (▒
▒..c▒▒.▒▒▒▒▒
▒F▒O.<.....▒
▒...▒.....▒▒.▒
....▒▒▒▒▒.......
▒.▒▒▒. .)..▒▒..▒
▒ .▒o▒▒ .▒ .. ..
.. ▒? o▒▒ ▒. o.
▒▒ ▒▒


You could see a centaur.


Message History

The wall freezes the centaur.
The centaur hits you! A film of ice covers your body!
The wall freezes the centaur.
The centaur hits you!
The wall freezes the ogre.
The ogre hits you with a +0 giant club!
* * * LOW HITPOINT WARNING * * *
The wall freezes the orc!
You kill the orc!
Vehumet accepts your kill.
Your icy armour cracks and falls away as you move.
The wall freezes the centaur.
The centaur hits you.
* * * LOW HITPOINT WARNING * * *
The wall freezes the centaur.
The centaur barely misses you.
The wall freezes the ogre.
The wall freezes the centaur.
The centaur hits you.
* * * LOW HITPOINT WARNING * * *
The wall freezes the centaur.
The centaur hits you.
* * * LOW HITPOINT WARNING * * *
The wall freezes the ogre!
The wall freezes the centaur!
The centaur wields a +0 shortbow.
The centaur shoots an arrow.
The arrow hits you!
You die...

Action                   |  1- 3 |  4- 6 |  7- 9 || total
-------------------------+-------+-------+-------++-------
Melee: Unarmed           |     6 |       |       ||     6
       Club              |     6 |       |       ||     6
       Trident           |       |    44 |    28 ||    72
       Mace              |       |     1 |       ||     1
       Quarterstaff      |       |     6 |    19 ||    25
 Cast: Freeze            |    50 |    40 |    46 ||   136
       Frozen Ramparts   |       |     7 |    15 ||    22
       Ozocubu's Armour  |       |       |    10 ||    10
  Use: Scroll            |       |       |     5 ||     5
 Stab: Sleeping          |       |     3 |       ||     3
  Eat: Chunk             |     5 |     4 |    10 ||    19
       Ration            |       |     1 |     1 ||     2
Armor: Robe              |     6 |     8 |    18 ||    32
Dodge: Dodged            |    24 |    41 |    55 ||   120

Levels and vault maps discovered:
D:1:      ldierk_water_garden, layout_basic, minmay_tripent
D:2:      layout_basic, chequers_temple_overflow_statue_of_worship,
          chequers_ecumenical_altar_island
D:3:      layout_loops_cross
D:4:      layout_basic, kennysheep_mini_moat, lemuel_zombie_altar_yredelemnul,
          first_ration
D:5:      minmay_recursive_quarters, layout_rooms, elyvilon_altar_5,
          minmay_temple_entry_wispy, uniq_blork_the_orc
D:6:      layout_layer_cave
D:7:      layout_loops_corners, lemuel_round_altar, fedhas_altar_1,
          chequers_serial_rivers_large_a, kennysheep_generic_room_11
Temple:   grunt_temple_mini_profane

Notes
Turn   | Place    | Note
-------+----------+-------------------------------------------
     0 | D:1      | sanka the Barachi Ice Elementalist began the quest for the
                  | Orb.
     0 | D:1      | Reached XP level 1. HP: 13/13 MP: 3/3
    66 | D:1      | Reached skill level 5 in Ice Magic
   181 | D:1      | Reached XP level 2. HP: 12/19 MP: 0/5
  1212 | D:2      | Found a bloodstained altar of Trog.
  1217 | D:2      | Found a shattered altar of Ashenzari.
  1217 | D:2      | Found a snail-covered altar of Cheibriados.
  1218 | D:2      | Found a shimmering blue altar of Sif Muna.
  1290 | D:2      | Reached XP level 3. HP: 24/24 MP: 7/7
  1291 | D:2      | Found a faded altar of an unknown god.
  1538 | D:2      | Reached skill level 3 in Spellcasting
  1769 | D:3      | Learned a level 3 spell: Frozen Ramparts
  1773 | D:3      | Learned a level 3 spell: Ozocubu's Armour
  1982 | D:3      | Reached skill level 6 in Ice Magic
  2171 | D:3      | Reached XP level 4. HP: 30/30 MP: 8/8
  2796 | D:4      | Reached skill level 7 in Ice Magic
  2796 | D:4      | Reached XP level 5. HP: 19/35 MP: 9/9
  3239 | D:4      | Reached skill level 8 in Ice Magic
  3239 | D:4      | Reached XP level 6. HP: 25/41 MP: 10/10
  3774 | D:4      | Found a basalt altar of Yredelemnul.
  4062 | D:4      | Found a burning altar of Makhleb.
  4306 | D:5      | Entered Level 5 of the Dungeon
  4393 | D:5      | Found a staircase to the Ecumenical Temple.
  4425 | Temple   | Entered the Ecumenical Temple
  4461 | Temple   | Became a worshipper of Vehumet
  4502 | D:5      | Reached skill level 9 in Ice Magic
  4542 | D:5      | Reached XP level 7. HP: 29/46 MP: 11/11
  4702 | D:5      | Noticed Blork the orc
  4716 | D:5      | Killed Blork the orc
  4721 | D:5      | HP: 4/46 [bullfrog skeleton (5)]
  5003 | D:5      | Found a white marble altar of Elyvilon.
  5024 | D:5      | Reached skill level 10 in Ice Magic
  5246 | D:5      | Learned a level 4 spell: Summon Ice Beast
  5560 | D:5      | Reached skill level 1 in Summonings
  5566 | D:5      | Reached * piety under Vehumet
  5566 | D:5      | Offered knowledge of Foxfire by Vehumet.
  5809 | D:6      | Reached XP level 8. HP: 52/52 MP: 9/13
  6218 | D:6      | Reached skill level 2 in Summonings
  6397 | D:6      | Reached skill level 4 in Spellcasting
  6398 | D:6      | Reached skill level 3 in Summonings
  6398 | D:6      | Reached skill level 11 in Ice Magic
  6567 | D:6      | Learned a level 4 spell: Hailstorm
  7443 | D:7      | HP: 2/52 [centaur (5)]
  7444 | D:7      | Shot with an arrow by a centaur

Vanquished Creatures
  A sky beast (D:6)
  An ogre (D:5)
  Blork the orc (D:5)
  2 bullfrogs (D:6)
  2 scorpions
  A crimson imp (D:5)
  A bullfrog zombie (D:5)
  A centaur zombie (D:5)
  A jelly (D:6)
  6 orc wizards
  A gnoll shaman (D:6)
  2 hounds
  An orc priest (D:4)
  An iguana (D:6)
  A bullfrog skeleton (D:5)
  4 worker ants
  A hound zombie (D:6)
  5 adders
  4 gnolls (D:6)
  2 shadow imps
  2 adder skeletons
  An adder zombie (D:5)
  3 worms
  A dart slug (D:5)
  4 leopard geckos
  20 orcs
  4 giant cockroaches
  2 gnoll zombies (D:4)
  6 goblins
  8 hobgoblins
  2 jackals (D:3)
  A ball python (D:1)
  5 bats
  5 frilled lizards
  A giant cockroach zombie (D:6)
  3 kobolds
  A leopard gecko skeleton (D:5)
  A quokka skeleton (D:4)
  2 quokka zombies
  3 rats
114 creatures vanquished.

Vanquished Creatures (others)
  4 toadstools (D:1)
4 creatures vanquished.

Grand Total: 118 creatures vanquished
